 Dungeon Crawl Stone Soup version 0.27-a0-1136-g0b992a5a9d (webtiles) character file.

Game seed: 2565042674637298411

599 Kuinu the Sneak (level 7, -1/44 HPs)
             Began as a Kobold Brigand on May 4, 2021.
             Slain by an iguana (9 damage)
             ... on level 5 of the Dungeon.
             The game lasted 00:10:21 (4755 turns).

Kuinu the Sneak (Kobold Brigand)                    Turns: 4755, Time: 00:10:22

Health: -1/44      AC:  5    Str:  8    XL:     7   Next: 68%
Magic:  7/7        EV: 17    Int: 13    God:
Gold:   88         SH:  0    Dex: 24    Spells: 6/6 levels left

rFire    . . .     SeeInvis .   a - +2 dagger
rCold    . . .     Faith    .   (shield restricted)
rNeg     . . .     Spirit   .   g - +0 leather armour
rPois    .         Reflect  .   (no helmet)
rElec    .         Harm     .   c - +1 cloak
rCorr    .         Rampage  .   (no gloves)
Will     .....                  (no boots)
Stlth    +++++.....             (no amulet)
HPRegen  0.14/turn              k - +6 ring of dexterity
MPRegen  0.10/turn              (no ring)

@: no status effects
A: small, no large weapons, nightstalker 3
a: no special abilities


You were on level 5 of the Dungeon.
You visited 1 branch of the dungeon, and saw 5 of its levels.

You collected 88 gold pieces.

Inventory:

Hand Weapons
 a - a +2 dagger (weapon)
Missiles
 d - 11 poisoned darts (quivered)
 e - 3 curare-tipped darts
Armour
 b - a +0 robe
 c - a +1 cloak (worn)
 f - the +1 leather armour "Wiadwicw" {Str-4 Int+6 Dex+2}
   (You found it on level 4 of the Dungeon)

   It affects your strength (-4).
   It affects your intelligence (+6).
   It affects your dexterity (+2).
 g - a +0 leather armour (worn)
Jewellery
 k - a +6 ring of dexterity (left hand)
 l - an amulet of the acrobat
Wands
 j - a wand of charming (2)
Scrolls
 h - 4 scrolls of identify
Potions
 i - a potion of lignification {unknown}
 m - a potion of invisibility {unknown}
 n - a potion of magic {unknown}


   Skills:
 * Level 5.0 Fighting
 * Level 5.8 Short Blades
 - Level 2.1 Throwing
 + Level 0.9 Armour
 * Level 4.8 Dodging
 + Level 6.7 Stealth


You had 6 spell levels left.
You didn't know any spells.
Your spell library contained the following spells:

 Spells                   Type           Power      Damage    Failure   Level
 Animate Skeleton         Necr           0%         N/A       41%         1
 Apportation              Tloc           0%         N/A       41%         1
 Corona                   Hex            0%         N/A       41%         1
 Summon Small Mammal      Summ           0%         N/A       41%         1


Dungeon Overview and Level Annotations

Branches:
Dungeon (5/15)
 Temple: D:4-7

Altars:
Fedhas
Gozag
Sif Muna
The Shining One

Shops:
D:2 =   D:3 *

Annotations:
D:3 2 transporters


Innate Abilities, Weirdness & Mutations

You are small and have problems with some larger weapons.
You are completely attuned to the shadows.


Message History

Throw: 15 darts (poison)
Press: ? - help, Q - select action, (/) - cycle Shift-Dir - straight line, f - iguana
Aim: an iguana (heavily wounded, 70% to hit)
You throw a poisoned dart.
The poisoned dart closely misses the iguana.
The iguana bites you but does no damage.
Throw: 14 darts (poison)
Press: ? - help, Q - select action, (/) - cycle Shift-Dir - straight line, p - iguana You throw a poisoned dart.
The poisoned dart hits the iguana.
The iguana is poisoned.
The iguana is heavily wounded.
The iguana closely misses you.
Throw: 13 darts (poison)
Press: ? - help, Q - select action, (/) - cycle Shift-Dir - straight line, f - iguana
Aim: an iguana (severely wounded, poisoned, 70% to hit)
You throw a poisoned dart.
The poisoned dart closely misses the iguana.
The iguana misses you.
You hit the iguana but do no damage.
The iguana is severely wounded.
You barely miss the iguana.
The iguana is severely wounded.
The iguana closely misses you.
You hit the iguana but do no damage.
The iguana is severely wounded.
The iguana bites you.
* * * LOW HITPOINT WARNING * * *
You closely miss the iguana.
The iguana is almost dead.
You hit the iguana but do no damage.
The iguana is almost dead.
The iguana bites you.
* * * LOW HITPOINT WARNING * * *
Throw: 12 darts (poison)
Press: ? - help, Q - select action, (/) - cycle Shift-Dir - straight line, f/p - iguana
Aim: an iguana (almost dead, poisoned, 70% to hit)
You throw a poisoned dart.
The poisoned dart closely misses the iguana.
The iguana bites you!
You die...

#....... #....(.. #+#
#..<.... #.#
##.###########.#
#...# #.......###
##...####.........#
.......##..##.....#
..................###
.......##..##...@....
##...####..##...#l###
#...# #.......#.# ##
##.######.# .#


You could see an iguana (poisoned).

Vanquished Creatures
  A water moccasin (D:4)
  A sky beast (D:3)
  A necrophage (D:4)
  2 hounds (D:4)
  2 iguanas (D:4)
  A hound zombie (D:4)
  A hound skeleton (D:4)
  5 adders
  3 gnolls (D:4)
  An adder skeleton (D:4)
  A worm (D:2)
  6 dart slugs
  2 orcs
  5 ball pythons
  12 bats
  11 endoplasms
  3 giant cockroaches
  7 goblins
  8 hobgoblins
  5 jackals (D:2)
  4 quokkas
  4 frilled lizards
  10 kobolds
  6 rats
102 creatures vanquished.

Notes
Turn   | Place    | Note
-------+----------+-------------------------------------------
     0 | D:1      | Kuinu the Kobold Brigand began the quest for the Orb.
     0 | D:1      | Reached XP level 1. HP: 12/12 MP: 1/1
   412 | D:1      | Reached XP level 2. HP: 18/18 MP: 2/2
   654 | D:1      | Reached XP level 3. HP: 22/22 MP: 3/3
  1275 | D:1      | Found a faded altar of an unknown god.
  1398 | D:2      | Reached XP level 4. HP: 10/28 MP: 4/4
  2116 | D:2      | Found Gumaikid's Jewellery Boutique.
  2238 | D:3      | Noticed a sky beast
  2263 | D:3      | Killed a sky beast
  2264 | D:3      | Reached skill level 6 in Stealth
  2264 | D:3      | Reached XP level 5. HP: 6/33 MP: 5/5
  2547 | D:3      | Noticed a necrophage
  2652 | D:4      | Reached XP level 6. HP: 28/36 MP: 6/6
  2749 | D:4      | Killed a necrophage
  2750 | D:4      | Reached skill level 5 in Short Blades
  3027 | D:3      | Found Ceigg's Assorted Antiques.
  3046 | D:3      | Found a transporter.
  3081 | D:3      | Found a glowing golden altar of the Shining One.
  3176 | D:3      | Found a transporter.
  3307 | D:3      | Found a blossoming altar of Fedhas.
  3555 | D:4      | Identified the +1 leather armour "Wiadwicw" {Str-4 Int+6
                  | Dex+2}
  3660 | D:4      | Reached XP level 7. HP: 25/44 MP: 7/7
  4478 | D:4      | Noticed a water moccasin
  4482 | D:4      | Killed a water moccasin
  4483 | D:4      | Reached skill level 5 in Fighting
  4512 | D:4      | Found a shimmering blue altar of Sif Muna.
  4512 | D:4      | Found an opulent altar of Gozag.
  4717 | D:5      | Entered Level 5 of the Dungeon
  4755 | D:5      | Slain by an iguana

Illustrated notes

Levels and vault maps discovered:
D:1:      wander_arrival_desolate, layout_basic,
          shapermc_ecumenical_altar_notcrosses
D:2:      layout_basic, serial_shops, nicolae_shop_behind_doors,
          kennysheep_decorative_pillar
D:3:      gammafunk_steamed_eel, layout_basic, nicolae_tso_swordbearing_angel,
          fedhas_ov_isle_minmay, serial_shops, nicolae_shop_trees
D:4:      layout_rooms, gammafunk_temple_overflow_statue
D:5:      layout_loops_corners, wad_floor_pattern_untrapped

Skill      XL: |  1  2  3  4  5  6  7 |
---------------+----------------------+-----
Short Blades   | 3 4 5 |  5.8
Dodging        | 2 3 4 |  4.8
Fighting       | 3 4 5 |  5.0
Stealth        | 6 |  6.7
Throwing       | |  2.1
Armour         | |  0.9

Action                   |  1- 3 |  4- 6 |  7- 9 || total
-------------------------+-------+-------+-------++-------
Melee: Dagger            |    84 |   205 |    87 ||   376
Throw: Dart              |       |    15 |    16 ||    31
Evoke: Wand              |       |     2 |       ||     2
  Use: Scroll            |     1 |     5 |       ||     6
       Potion            |     1 |     2 |       ||     3
 Stab: Sleeping          |    18 |    22 |     3 ||    43
       Distracted        |       |       |     1 ||     1
Armor: Robe              |    10 |    40 |       ||    50
       Leather armour    |       |    11 |     9 ||    20
Dodge: Dodged            |    28 |   145 |    54 ||   227

Table legend: (Time is in decaauts)
 A = Elapsed time spent in this place.
 B = Non-inter-level travel time spent in this place.
 C = Inter-level travel time spent in this place.
 D = Time resting spent in this place.
 E = Time spent auto-exploring this place.
 F = Levels seen in this place.
 G = Mean time per level.
                   A        B        C        D        E       F      G
               +--------+--------+--------+--------+--------+-----+--------+
         Total |   4672 |   4564 |    108 |    324 |   3308 |   5 |  934.4 |
       Dungeon |   4672 |   4564 |    108 |    324 |   3308 |   5 |  934.4 |
               +--------+--------+--------+--------+--------+-----+--------+

Top non-repeatable levels by time:
     D:1: 1332 daAuts
     D:4: 1305 daAuts
     D:3: 1132 daAuts
     D:2: 869 daAuts
     D:5: 33 daAuts
